 Dungeon Crawl Stone Soup version 0.29.0-15-g675c0067aa (webtiles) character file.

Game seed: 3332158344375489262

12078 qw the Severer (level 11, -19/101 HPs)
             Began as a Minotaur Berserker on Sept 12, 2022.
             Was a Priest of Trog.
             Demolished by a death yak (20 damage)
             ... on level 3 of the Lair of Beasts.
             The game lasted 00:04:06 (12271 turns).

qw the Severer (Minotaur Berserker)                Turns: 12271, Time: 00:04:07

Health: -19/101    AC: 19    Str: 29    XL:     11   Next: 57%
Magic:  10/10      EV:  8    Int:  4    God:    Trog [***...]
Gold:   326        SH: 10    Dex: 10    Spells: 10/10 levels left

rFire   . . .      SeeInvis .   Y - +3 war axe (protect)
rCold   . . .      Faith    .   r - +0 buckler
rNeg    . . .      Spirit   .   p - +0 plate armour
rPois   +          Reflect  +   (helmet restricted)
rElec   .          Harm     .   e - +0 cloak
rCorr   .          Rampage  .   j - +2 pair of gloves
Will    .....                   (no boots)
Stlth   ..........              l - amulet of reflection
HPRegen 0.26/turn               (no ring)
MPRegen 0.12/turn               q - ring of Midsummer {rPois Str+3}

@: on berserk cooldown
A: horns 2, retaliatory headbutt, camouflage 1
a: Renounce Religion, Berserk, Trog's Hand


You were on level 3 of the Lair of Beasts.
You worshipped Trog.
Trog was most pleased with you.
You visited 2 branches of the dungeon, and saw 11 of its levels.

You collected 602 gold pieces.
You spent 276 gold pieces at shops.


Innate Abilities, Weirdness & Mutations

You have a pair of horns on your head.
You reflexively headbutt those who attack you in melee.
Your skin changes colour to match your surroundings (Stealth+).


   Skills:
 + Level 10.4 Fighting
 - Level 16.1 Axes
 - Level 2.0 Throwing
 - Level 9.3 Armour
 - Level 3.0 Dodging
 - Level 7.0 Shields


You had 10 spell levels left.
You didn't know any spells.
Your spell library was empty.

Inventory:

Hand Weapons
 b - a +0 flail
 Y - a +3 war axe of protection (weapon)
Missiles
 a - 7 boomerangs (quivered)
Armour
 e - a +0 cloak (worn)
 j - a +2 pair of gloves (worn)
 p - a +0 plate armour (worn)
 r - a +0 buckler (worn)
Jewellery
 h - a ring of poison resistance
 l - an amulet of reflection (around neck)
 q - the ring of Midsummer (right hand) {rPois Str+3}
   (You found it on level 2 of the Lair of Beasts)

   [ring of poison resistance]

   Str:       It affects your strength (+3).
   rPois:     It protects you from poison.
Scrolls
 i - a scroll of identify
Potions
 c - a potion of might
 k - 2 potions of curing
 m - 2 potions of mutation
 n - a potion of berserk rage {unknown}
 o - 2 potions of haste
 s - a potion of lignification {unknown}

Dungeon Overview and Level Annotations

Branches:
Dungeon (8/15)             Temple (0/1) D:4            Lair (3/5) D:8
  Snake (0/4) Lair:3
  Swamp: Lair:2-3    Shoals: Lair:2-3

Altars:
Ashenzari
Cheibriados
Fedhas
Sif Muna
Wu Jian

Shops:
D:2 !   D:8 !

Annotations:
D:3 1 runed translucent door, qw's ghost, amateur MiBe
D:7 1 runed translucent door, Crazy Yiuf
Lair:1 2 transporters, qw's ghost, journeyman MiBe


Message History

A nearby plant withers and dies.
The komodo dragon bites you but does no damage.
12265 ||| SWAPPING to +0 flail.
Your +3 war axe of protection goes still.
b - a +0 flail (weapon)
You feel yourself speed up. The komodo dragon closely misses you.
You barely miss the komodo dragon. The komodo dragon barely misses you.
You furiously retaliate!
You headbutt the komodo dragon.
You block the eight-headed hydra's attack.
The eight-headed hydra completely misses you.
The eight-headed hydra bites you but does no damage. x2
You block the eight-headed hydra's attack. x2
The eight-headed hydra bites you but does no damage. x2
12267 ||| Stepping ~*~*~tactically~*~*~ (outnumbered).
The eight-headed hydra attacks as you move away!
The eight-headed hydra bites you but does no damage. x4
The eight-headed hydra bites you!
You block the eight-headed hydra's attack.
The eight-headed hydra barely misses you.
The eight-headed hydra bites you but does no damage.
12268 ||| Stepping ~*~*~tactically~*~*~ (outnumbered).
The komodo dragon attacks as you move away!
The komodo dragon bites you.
12269 ||| Stepping ~*~*~tactically~*~*~ (outnumbered).
The komodo dragon attacks as you move away!
The komodo dragon barely misses you. You furiously retaliate!
You headbutt the komodo dragon.
The death yak snorts and paws the ground.
12270 ||| Stepping ~*~*~tactically~*~*~ (outnumbered).
The komodo dragon attacks as you move away!
The komodo dragon barely misses you. The death yak attacks as you move away!
The death yak closely misses you. You furiously retaliate!
You headbutt the death yak!
12271 ||| SWAPPING to +3 war axe of protection.
Your +3 war axe of protection hums with potential!
Y - a +3 war axe of protection (weapon)
The death yak gores you!!
You die...

#..~~~..~~.~~~.#
#.~~%)..~~~.#
#P~~)~~~~.# ###
#.##..~~~~~.##
##.. ............#
#..# .......D....#
..#
#######.l#..#.#.
#.# ###Y.......
##<## #.@...##...
#P..########..####
.#.
#P.##P...#P#..###
#...............#
####...P###......#
###### #P.##.##
##..#.# #.##.# #.#


You could see a death yak and a komodo dragon.

Vanquished Creatures
  3 hydras
  Pikel (D:4)
  3 elephants (Lair:2)
  A black mamba (Lair:3)
  A gargoyle (D:8)
  3 cane toads
  Maggie (D:6)
  A rime drake (Lair:1)
  An unseen horror (D:8)
  2 komodo dragons (Lair:2)
  5 blink frogs (Lair:2)
  6 yaks (Lair:1)
  A wyvern (D:5)
  A steam dragon (D:7)
  Eustachio (D:4)
  A basilisk (Lair:2)
  2 nagas (Lair:3)
  4 water moccasins
  Duvessa (D:6)
  2 orc warriors
  5 black bears
  2 sky beasts
  2 ogres
  A phantom (D:5)
  A lemure (D:4)
  Blork the orc (D:6)
  10 bullfrogs
  3 necrophages
  2 scorpions
  A wight (D:6)
  Dowan (D:6)
  4 orc priests
  A jelly (D:7)
  3 iguanas
  5 orc wizards
  4 hell rats (Lair:1)
  10 gnolls
  5 adders
  A shadow imp (D:6)
  3 white imps
  An ufetubus (D:6)
  3 worms
  2 dart slugs (D:2)
  14 orcs
  6 ball pythons
  11 endoplasms
  2 giant cockroaches (D:2)
  10 goblins
  5 hobgoblins
  13 jackals
  8 kobolds
  9 quokkas
  7 bats
  4 frilled lizards
  7 rats
208 creatures vanquished.

Vanquished Creatures (others)
  7 fungi
  23 plants
30 creatures vanquished.

Grand Total: 238 creatures vanquished

Notes
Turn   | Place    | Note
-------+----------+-------------------------------------------
     0 | D:1      | qw the Minotaur Berserker began the quest for the Orb.
     0 | D:1      | Reached XP level 1. HP: 19/19 MP: 0/0
     0 | D:1      | 0 ||| qw: Version: 0.1-a-119-g272c26d
     0 | D:1      | 0 ||| qw: Game counter: 10791
     0 | D:1      | 0 ||| qw: Always use a shield: true
     0 | D:1      | 0 ||| qw: Do Orc after D:15 true
     0 | D:1      | 0 ||| qw: Do second Lair branch before Depths: true
     0 | D:1      | 0 ||| qw: Lair rune preference: random
     0 | D:1      | 0 ||| qw: Plans: Normal
     0 | D:1      | 0 ||| PLANNING D:1-11
   221 | D:1      | Reached skill level 4 in Axes
   239 | D:1      | 239 ||| Stepping ~*~*~tactically~*~*~ (stealth).
   288 | D:1      | Reached XP level 2. HP: 26/26 MP: 1/1
   597 | D:1      | 597 ||| Stepping ~*~*~tactically~*~*~ (stealth).
   699 | D:1      | Reached skill level 5 in Axes
  1130 | D:1      | Found a faded altar of an unknown god.
  1201 | D:1      | Reached XP level 3. HP: 31/31 MP: 2/2
  1218 | D:1      | 1218 ||| READING scroll labelled ISILOIW DIECK.
  1245 | D:2      | 1245 ||| DROPPING +0 club.
  1300 | D:2      | 1300 ||| Stepping ~*~*~tactically~*~*~ (stealth).
  1302 | D:2      | 1302 ||| Stepping ~*~*~tactically~*~*~ (stealth).
  1303 | D:2      | 1303 ||| Stepping ~*~*~tactically~*~*~ (stealth).
  1468 | D:2      | 1468 ||| INVOKING Berserk.
  1468 | D:2      | HP: 6/31 [frozen (4)]
  1469 | D:2      | 1469 ||| INVOKING Berserk.
  1475 | D:2      | Reached ** piety under Trog
  1503 | D:2      | 1503 ||| FLEEEEING.
  1504 | D:2      | 1504 ||| FLEEEEING.
  1505 | D:2      | 1505 ||| FLEEEEING.
  1506 | D:2      | 1506 ||| FLEEEEING.
  1507 | D:2      | 1507 ||| FLEEEEING.
  1515 | D:2      | 1515 ||| FLEEEEING.
  1522 | D:2      | 1522 ||| FLEEEEING.
  1523 | D:2      | 1523 ||| FLEEEEING.
  1545 | D:2      | 1545 ||| INVOKING Berserk.
  1550 | D:2      | 1550 ||| FLEEEEING.
  1551 | D:2      | 1551 ||| FLEEEEING.
  1552 | D:2      | 1552 ||| FLEEEEING.
  1553 | D:2      | 1553 ||| FLEEEEING.
  1554 | D:2      | 1554 ||| FLEEEEING.
  1555 | D:2      | 1555 ||| FLEEEEING.
  1556 | D:2      | 1556 ||| FLEEEEING.
  1557 | D:2      | 1557 ||| FLEEEEING.
  1558 | D:2      | 1558 ||| FLEEEEING.
  1559 | D:2      | 1559 ||| FLEEEEING.
  1560 | D:2      | 1560 ||| FLEEEEING.
  1561 | D:2      | 1561 ||| FLEEEEING.
  1562 | D:2      | 1562 ||| FLEEEEING.
  1563 | D:2      | 1563 ||| FLEEEEING.
  1564 | D:2      | 1564 ||| FLEEEEING.
  1565 | D:2      | 1565 ||| FLEEEEING.
  1566 | D:2      | 1566 ||| FLEEEEING.
  1568 | D:2      | 1568 ||| FLEEEEING.
  1569 | D:2      | 1569 ||| FLEEEEING.
  1573 | D:2      | 1573 ||| FLEEEEING.
  1574 | D:2      | 1574 ||| FLEEEEING.
  1575 | D:2      | 1575 ||| FLEEEEING.
  1576 | D:2      | 1576 ||| FLEEEEING.
  1577 | D:2      | 1577 ||| FLEEEEING.
  1578 | D:2      | 1578 ||| FLEEEEING.
  1579 | D:2      | 1579 ||| FLEEEEING.
  1580 | D:2      | 1580 ||| FLEEEEING.
  1597 | D:2      | 1597 ||| FLEEEEING.
  1598 | D:2      | 1598 ||| FLEEEEING.
  1618 | D:2      | 1618 ||| FLEEEEING.
  1619 | D:2      | 1619 ||| STAIRDANCE
  1719 | D:1      | 1719 ||| UPGRADING to +0 leather armour.
  1729 | D:1      | 1729 ||| DROPPING +0 animal skin.
  1730 | D:1      | 1730 ||| READING scroll labelled CIUFFY PIRORE.
  2015 | D:2      | Found Osekkidghuc's Distillery.
  2026 | D:2      | 2026 ||| Stepping ~*~*~tactically~*~*~ (hiding).
  2078 | D:2      | 2078 ||| SHOPLISTING potion of mutation (80 gold, have 77).
  2080 | D:2      | 2080 ||| Stepping ~*~*~tactically~*~*~ (hiding).
  2332 | D:2      | 2332 ||| UPGRADING to +0 pair of gloves.
  2337 | D:2      | 2337 ||| UPGRADING to +0 chain mail.
  2347 | D:2      | 2347 ||| DROPPING +0 leather armour.
  2348 | D:2      | 2348 ||| READING 2 scrolls labelled RIVAGR EGUFIE.
  2349 | D:2      | 2349 ||| READING 2 scrolls labelled JIKKOTHIFAC.
  2350 | D:2      | 2350 ||| READING scroll labelled WIUZOUC LU XAO.
  2351 | D:2      | 2351 ||| READING 3 scrolls labelled XESHRUGRUPN.
  2352 | D:2      | 2352 ||| DROPPING scroll of immolation.
  2353 | D:2      | 2353 ||| DROPPING 2 scrolls of poison.
  2354 | D:2      | 2354 ||| Stepping randomly (stuck).
  2355 | D:2      | 2355 ||| Stepping ~*~*~tactically~*~*~ (cloud).
  2361 | D:2      | HP: 7/31 [poisoned by you (poison gas)]
  2374 | D:2      | 2374 ||| FLEEEEING.
  2383 | D:2      | 2383 ||| STAIRDANCE
  2648 | D:2      | 2648 ||| INVOKING Berserk.
  2847 | D:3      | Reached XP level 4. HP: 39/39 MP: 3/3
  2860 | D:3      | Reached skill level 6 in Axes
  3010 | D:3      | 3010 ||| Stepping ~*~*~tactically~*~*~ (stealth).
  3114 | D:3      | 3114 ||| INVOKING Berserk.
  3345 | D:3      | Reached XP level 5. HP: 41/45 MP: 4/4
  3392 | D:3      | Found a runed translucent door.
  3394 | D:3      | Noticed qw's ghost (amateur MiBe)
  3597 | D:3      | 3597 ||| UPGRADING to +0 buckler.
  3602 | D:3      | 3602 ||| READING 2 scrolls labelled WEMUD XUBBIXAO.
  3603 | D:3      | 3603 ||| READING scroll labelled UVAEMNIMEB.
  3604 | D:3      | 3604 ||| READING 2 scrolls labelled QONOUS COUR.
  3605 | D:3      | 3605 ||| READING scroll labelled GIVVIH DUEQOHE.
  3606 | D:3      | 3606 ||| READING 2 scrolls of identify.
  3606 | D:3      | 3606 ||| IDENTIFYING fizzy dark potion
  3607 | D:3      | 3607 ||| DROPPING potion of magic.
  3608 | D:3      | 3608 ||| DROPPING scroll of fear.
  3609 | D:3      | 3609 ||| DROPPING scroll of summoning.
  3615 | D:4      | 3615 ||| PLANNING SEWER
  3648 | D:4      | Noticed Eustachio
  3649 | D:4      | 3649 ||| Stepping ~*~*~tactically~*~*~ (stealth).
  3654 | D:4      | 3654 ||| INVOKING Berserk.
  3658 | D:4      | Killed Eustachio
  3659 | D:4      | Reached XP level 6. HP: 51/51 MP: 5/5
  3663 | D:4      | Reached skill level 7 in Axes
  3741 | D:4      | 3741 ||| DROPPING +0 whip.
  3766 | D:4      | 3766 ||| Stepping ~*~*~tactically~*~*~ (stealth).
  3817 | D:4      | Found a staircase to the Ecumenical Temple.
  3821 | D:4      | Noticed Pikel
  3822 | D:4      | 3822 ||| Stepping ~*~*~tactically~*~*~ (stealth).
  3826 | D:4      | 3826 ||| INVOKING Berserk.
  3836 | D:4      | Killed Pikel
  3837 | D:4      | Reached skill level 10 in Axes
  3837 | D:4      | Reached XP level 7. HP: 51/59 MP: 6/6
  4224 | D:4      | Found an ornate altar of the Wu Jian Council.
  4227 | D:4      | 4227 ||| Stepping ~*~*~tactically~*~*~ (stealth).
  4229 | D:4      | Found a broken altar of Ashenzari.
  4273 | D:4      | 4273 ||| INVOKING Berserk.
  4289 | D:4      | HP: 14/59 [gnoll/+0 spear (2)]
  4290 | D:4      | 4290 ||| READING scroll of teleportation.
  4325 | D:4      | 4325 ||| Stepping ~*~*~tactically~*~*~ (stealth).
  4328 | D:4      | 4328 ||| INVOKING Berserk.
  4361 | D:4      | 4361 ||| RIP SEWER
  4510 | D:4      | 4510 ||| PLANNING D:1-11
  4581 | D:4      | Reached skill level 1 in Throwing
  4592 | D:4      | Reached skill level 3 in Armour
  4633 | D:4      | 4633 ||| Stepping ~*~*~tactically~*~*~ (stealth).
  4835 | D:4      | 4835 ||| UPGRADING to +0 plate armour.
  4845 | D:4      | 4845 ||| DROPPING +0 chain mail.
  4846 | D:4      | 4846 ||| READING 2 scrolls labelled MAIHIKH WAIFO.
  4947 | D:4      | 4947 ||| DRINKING 2 clear potions.
  4948 | D:4      | 4948 ||| DRINKING 3 grey potions.
  4948 | D:4      | Gained mutation: Your skin changes colour to match your
                  | surroundings (Stealth+). [potion of mutation]
  4949 | D:4      | 4949 ||| READING 2 scrolls of identify.
  4949 | D:4      | 4949 ||| IDENTIFYING metallic clear potion
  4950 | D:4      | 4950 ||| DROPPING potion of attraction.
  4951 | D:4      | 4951 ||| DROPPING scroll of silence.
  4982 | D:5      | Entered Level 5 of the Dungeon
  5056 | D:5      | Reached *** piety under Trog
  5057 | D:5      | Reached XP level 8. HP: 66/66 MP: 7/7
  5071 | D:5      | 5071 ||| Stepping ~*~*~tactically~*~*~ (stealth).
  5072 | D:5      | 5072 ||| Stepping ~*~*~tactically~*~*~ (stealth).
  5153 | D:5      | Reached skill level 6 in Fighting
  5190 | D:5      | 5190 ||| INVOKING Berserk.
  5473 | D:5      | 5473 ||| READING scroll labelled JOH UFFYFUV.
  5474 | D:5      | 5474 ||| READING scroll labelled KEANUZ CEAMO.
  5632 | D:5      | 5632 ||| READING scroll labelled JAETEW PIEPO.
  5648 | D:6      | Noticed Maggie
  5656 | D:6      | 5656 ||| INVOKING Berserk.
  5661 | D:6      | Killed Maggie
  5662 | D:6      | Reached skill level 11 in Axes
  5849 | D:6      | 5849 ||| SWAPPING to +3 war axe of electrocution.
  5850 | D:6      | 5850 ||| DROPPING +1 hand axe of venom.
  5988 | D:6      | 5988 ||| READING scroll of brand weapon.
  5988 | D:6      | 5988 ||| BRANDING +3 war axe of electrocution.
  6127 | D:6      | 6127 ||| Stepping ~*~*~tactically~*~*~ (stealth).
  6129 | D:6      | 6129 ||| Stepping ~*~*~tactically~*~*~ (stealth).
  6131 | D:6      | 6131 ||| Stepping ~*~*~tactically~*~*~ (hiding).
  6138 | D:6      | 6138 ||| INVOKING Berserk.
  6145 | D:6      | Reached skill level 12 in Axes
  6145 | D:6      | Reached XP level 9. HP: 75/75 MP: 8/8
  6156 | D:6      | 6156 ||| FLEEEEING.
  6157 | D:6      | 6157 ||| FLEEEEING.
  6166 | D:6      | 6166 ||| STAIRDANCE
  6278 | D:5      | 6278 ||| UPGRADING to +1 pair of gloves.
  6288 | D:5      | 6288 ||| DROPPING +0 pair of gloves.
  6289 | D:5      | 6289 ||| DRINKING 2 yellow potions.
  6290 | D:5      | 6290 ||| READING 2 scrolls of identify.
  6290 | D:5      | 6290 ||| IDENTIFYING purple potion
  6291 | D:5      | 6291 ||| DROPPING potion of brilliance.
  6456 | D:6      | 6456 ||| Stepping ~*~*~tactically~*~*~ (stealth).
  6457 | D:6      | 6457 ||| Stepping ~*~*~tactically~*~*~ (stealth).
  6462 | D:6      | 6462 ||| INVOKING Berserk.
  6596 | D:6      | Noticed Blork the orc
  6597 | D:6      | 6597 ||| INVOKING Berserk.
  6600 | D:6      | Killed Blork the orc
  6726 | D:6      | Noticed Duvessa
  6729 | D:6      | Noticed Dowan
  6730 | D:6      | 6730 ||| Stepping ~*~*~tactically~*~*~ (stealth).
  6731 | D:6      | 6731 ||| INVOKING Berserk.
  6733 | D:6      | Killed Duvessa
  6743 | D:6      | Killed Dowan
  7101 | D:6      | 7101 ||| READING scroll labelled YXKYSH XEEM.
  7102 | D:6      | 7102 ||| DRINKING 3 viscous coppery potions.
  7203 | D:6      | 7203 ||| DRINKING 2 fuming orange potions.
  7204 | D:6      | 7204 ||| READING 2 scrolls of identify.
  7204 | D:6      | 7204 ||| IDENTIFYING white potion
  7205 | D:6      | 7205 ||| DROPPING 2 potions of ambrosia.
  7206 | D:6      | 7206 ||| DROPPING potion of degeneration.
  7207 | D:6      | 7207 ||| DROPPING potion of flight.
  7224 | D:6      | 7224 ||| Stepping ~*~*~tactically~*~*~ (stealth).
  7225 | D:6      | 7225 ||| INVOKING Berserk.
  7363 | D:7      | 7363 ||| Stepping ~*~*~tactically~*~*~ (hiding).
  7364 | D:7      | 7364 ||| Stepping ~*~*~tactically~*~*~ (hiding).
  7416 | D:7      | Found a runed translucent door.
  7417 | D:7      | Noticed Crazy Yiuf
  7432 | D:7      | Found Puzxaegu's Armour Boutique.
  7436 | D:7      | 7436 ||| INVOKING Berserk.
  7438 | D:7      | Reached skill level 6 in Armour
  7594 | D:7      | 7594 ||| INVOKING Berserk.
  7723 | D:7      | 7723 ||| Stepping ~*~*~tactically~*~*~ (hiding).
  7727 | D:7      | 7727 ||| INVOKING Berserk.
  7867 | D:7      | 7867 ||| Stepping ~*~*~tactically~*~*~ (hiding).
  7952 | D:7      | 7952 ||| Stepping ~*~*~tactically~*~*~ (hiding).
  7955 | D:7      | 7955 ||| INVOKING Berserk.
  7970 | D:7      | Reached skill level 13 in Axes
  8036 | D:7      | 8036 ||| FLEEEEING.
  8037 | D:7      | 8037 ||| FLEEEEING.
  8038 | D:7      | 8038 ||| FLEEEEING.
  8039 | D:7      | 8039 ||| FLEEEEING.
  8040 | D:7      | 8040 ||| FLEEEEING.
  8041 | D:7      | 8041 ||| FLEEEEING.
  8042 | D:7      | 8042 ||| FLEEEEING.
  8043 | D:7      | 8043 ||| FLEEEEING.
  8044 | D:7      | 8044 ||| FLEEEEING.
  8045 | D:7      | 8045 ||| FLEEEEING.
  8046 | D:7      | 8046 ||| FLEEEEING.
  8165 | D:7      | Found a shimmering blue altar of Sif Muna.
  8166 | D:7      | 8166 ||| INVOKING Berserk.
  8269 | D:7      | 8269 ||| DRINKING potion of curing.
  8269 | D:7      | 8269 ||| (to cure confusion)
  8290 | D:7      | 8290 ||| FLEEEEING.
  8291 | D:7      | 8291 ||| FLEEEEING.
  8292 | D:7      | 8292 ||| FLEEEEING.
  8366 | D:7      | 8366 ||| FLEEEEING.
  8367 | D:7      | 8367 ||| FLEEEEING.
  8472 | D:7      | 8472 ||| Invisible monster not found???
  8523 | D:7      | 8523 ||| UPGRADING to +0 cloak.
  8528 | D:7      | 8528 ||| READING 2 scrolls of identify.
  8528 | D:7      | 8528 ||| IDENTIFYING black potion
  8590 | D:8      | Found Xuecushe's Distillery.
  8600 | D:8      | 8600 ||| BUYING potion of cancellation (96 gold).
  8600 | D:8      | Bought a potion of cancellation for 96 gold pieces
  8600 | D:8      | 8600 ||| BUYING potion of haste (120 gold).
  8600 | D:8      | Bought a potion of haste for 120 gold pieces
  8600 | D:8      | 8600 ||| BUYING potion of heal wounds (60 gold).
  8600 | D:8      | Bought a potion of heal wounds for 60 gold pieces
  8600 | D:8      | 8600 ||| SHOPLISTING potion of mutation (96 gold, have 86).
  8676 | D:8      | Noticed a gargoyle
  8687 | D:8      | Killed a gargoyle
  8790 | D:8      | Found a snail-covered altar of Cheibriados.
  8800 | D:8      | Found a blossoming altar of Fedhas.
  8858 | D:8      | 8858 ||| Stepping ~*~*~tactically~*~*~ (stealth).
  8859 | D:8      | 8859 ||| Stepping ~*~*~tactically~*~*~ (stealth).
  8889 | D:8      | 8889 ||| INVOKING Berserk.
  8896 | D:8      | Killed an unseen horror
  8897 | D:8      | Reached XP level 10. HP: 88/88 MP: 9/9
  9160 | D:8      | Found a staircase to the Lair.
  9270 | D:8      | Noticed a lindwurm
  9271 | D:8      | Noticed a lindwurm
  9279 | D:8      | Noticed a lindwurm
  9283 | D:8      | Noticed a lindwurm
  9296 | D:8      | 9296 ||| FLEEEEING.
  9297 | D:8      | 9297 ||| FLEEEEING.
  9298 | D:8      | 9298 ||| FLEEEEING.
  9299 | D:8      | 9299 ||| FLEEEEING.
  9301 | D:8      | 9301 ||| STAIRDANCE
  9404 | D:7      | 9404 ||| UPGRADING to amulet of reflection.
  9409 | D:7      | 9409 ||| UPGRADING to ring of poison resistance.
  9410 | D:7      | 9410 ||| READING 2 scrolls of identify.
  9410 | D:7      | 9410 ||| IDENTIFYING sedimented sapphire potion
  9411 | D:7      | 9411 ||| DROPPING potion of invisibility.
  9470 | D:8      | 9470 ||| Stepping ~*~*~tactically~*~*~ (stealth).
  9485 | D:8      | 9485 ||| FLEEEEING.
  9486 | D:8      | 9486 ||| FLEEEEING.
  9487 | D:8      | 9487 ||| FLEEEEING.
  9488 | D:8      | 9488 ||| FLEEEEING.
  9490 | D:8      | 9490 ||| FLEEEEING.
  9491 | D:8      | 9491 ||| FLEEEEING.
  9492 | D:8      | 9492 ||| FLEEEEING.
  9496 | D:8      | 9496 ||| FLEEEEING.
  9497 | D:8      | 9497 ||| FLEEEEING.
  9499 | D:8      | 9499 ||| STAIRDANCE
  9795 | D:8      | 9795 ||| PLANNING LAIR
  9835 | Lair:1   | Entered Level 1 of the Lair of Beasts
  9892 | Lair:1   | Noticed a fire crab
  9933 | Lair:1   | Noticed a cane toad
  9935 | Lair:1   | 9935 ||| Stepping ~*~*~tactically~*~*~ (stealth).
  9936 | Lair:1   | 9936 ||| Stepping ~*~*~tactically~*~*~ (stealth).
  9938 | Lair:1   | 9938 ||| INVOKING Berserk.
  9942 | Lair:1   | Killed a cane toad
  9943 | Lair:1   | Reached skill level 14 in Axes
  9968 | Lair:1   | Noticed qw's ghost (journeyman MiBe)
 10046 | Lair:1   | Noticed a cane toad
 10050 | Lair:1   | 10050 ||| INVOKING Berserk.
 10052 | Lair:1   | Killed a cane toad
 10076 | Lair:1   | 10076 ||| Stepping ~*~*~tactically~*~*~ (stealth).
 10077 | Lair:1   | 10077 ||| Stepping ~*~*~tactically~*~*~ (stealth).
 10094 | Lair:1   | Found a transporter.
 10096 | Lair:1   | Noticed a black mamba
 10130 | Lair:1   | Found a transporter.
 10435 | Lair:1   | Reached skill level 15 in Axes
 10450 | Lair:1   | Reached skill level 9 in Fighting
 10621 | Lair:1   | Reached skill level 3 in Dodging
 10623 | Lair:1   | 10623 ||| DROPPING amulet of magic regeneration.
 10648 | Lair:2   | Identified the +1 scale mail of Littosor {rCorr Int+3}
 10663 | Lair:2   | 10663 ||| INVOKING Berserk.
 10782 | Lair:2   | 10782 ||| READING scroll of enchant armour.
 10782 | Lair:2   | 10782 ||| ENCHANTING +1 pair of gloves.
 10869 | Lair:2   | Noticed an eight-headed hydra
 10870 | Lair:2   | 10870 ||| SWAPPING to +0 flail.
 10872 | Lair:2   | 10872 ||| INVOKING Berserk.
 10877 | Lair:2   | Killed an eight-headed hydra
 11002 | Lair:2   | 11002 ||| SWAPPING to +3 war axe of protection.
 11038 | Lair:2   | Noticed an elephant
 11040 | Lair:2   | Noticed an elephant
 11041 | Lair:2   | Noticed an elephant
 11049 | Lair:2   | Killed an elephant
 11050 | Lair:2   | Reached XP level 11. HP: 77/97 MP: 10/10
 11060 | Lair:2   | Reached skill level 16 in Axes
 11244 | Lair:2   | 11244 ||| INVOKING Berserk.
 11258 | Lair:2   | Reached skill level 6 in Shields
 11397 | Lair:2   | Identified the ring of Midsummer {rPois Str+3}
 11479 | Lair:2   | Noticed an eight-headed hydra
 11483 | Lair:2   | 11483 ||| SWAPPING to +0 flail.
 11485 | Lair:2   | 11485 ||| INVOKING Berserk.
 11490 | Lair:2   | Killed an eight-headed hydra
 11517 | Lair:2   | 11517 ||| SWAPPING to +3 war axe of protection.
 11716 | Lair:2   | 11716 ||| INVOKING Berserk.
 12056 | Lair:2   | 12056 ||| Stepping ~*~*~tactically~*~*~ (hiding).
 12066 | Lair:2   | 12066 ||| DRINKING 2 potions of cancellation.
 12067 | Lair:2   | 12067 ||| DRINKING potion of cancellation.
 12149 | Lair:2   | 12149 ||| UPGRADING to ring of Midsummer {rPois Str+3}.
 12150 | Lair:2   | 12150 ||| REMOVING ring of poison resistance.
 12202 | Lair:3   | Found a staircase to the Snake Pit.
 12206 | Lair:3   | Noticed a five-headed hydra
 12210 | Lair:3   | 12210 ||| SWAPPING to +0 flail.
 12211 | Lair:3   | 12211 ||| INVOKING Berserk.
 12221 | Lair:3   | Killed a five-headed hydra
 12222 | Lair:3   | Reached skill level 9 in Armour
 12222 | Lair:3   | Noticed an eight-headed hydra
 12232 | Lair:3   | HP: 37/148 [eight-headed hydra (6)]
 12234 | Lair:3   | HP: 13/99 [eight-headed hydra (6)]
 12235 | Lair:3   | 12235 ||| READING 2 scrolls of teleportation.
 12236 | Lair:3   | 12236 ||| DRINKING 3 potions of heal wounds.
 12237 | Lair:3   | 12237 ||| SWAPPING to +3 war axe of protection.
 12248 | Lair:3   | HP: 19/99 [rime drake/flash freeze (17)]
 12249 | Lair:3   | 12249 ||| Stepping ~*~*~tactically~*~*~ (hiding).
 12250 | Lair:3   | 12250 ||| Stepping ~*~*~tactically~*~*~ (hiding).
 12251 | Lair:3   | 12251 ||| READING scroll of teleportation.
 12251 | Lair:3   | HP: 6/99 [rime drake/flash freeze (15)]
 12252 | Lair:3   | 12252 ||| DRINKING 2 potions of heal wounds.
 12260 | Lair:3   | Noticed a death yak
 12260 | Lair:3   | HP: 21/99 [cane toad (9)]
 12261 | Lair:3   | 12261 ||| DRINKING potion of heal wounds.
 12265 | Lair:3   | 12265 ||| SWAPPING to +0 flail.
 12267 | Lair:3   | 12267 ||| Stepping ~*~*~tactically~*~*~ (outnumbered).
 12267 | Lair:3   | HP: 5/101 [eight-headed hydra (9)]
 12268 | Lair:3   | 12268 ||| Stepping ~*~*~tactically~*~*~ (outnumbered).
 12268 | Lair:3   | HP: 1/101 [komodo dragon (5)]
 12269 | Lair:3   | 12269 ||| Stepping ~*~*~tactically~*~*~ (outnumbered).
 12270 | Lair:3   | 12270 ||| Stepping ~*~*~tactically~*~*~ (outnumbered).
 12271 | Lair:3   | 12271 ||| SWAPPING to +3 war axe of protection.
 12271 | Lair:3   | Demolished by a death yak

Levels and vault maps discovered:
D:1:      minmay_arrival_loop, layout_basic,
          shapermc_ecumenical_altar_hornbeckon, minmay_misc_feat_alley
D:2:      layout_basic, serial_shops, nicolae_shop_stone, minmay_pentomino_w4
D:3:      layout_basic, ebering_ghost_reflecting_pool, grunt_decor_resistance,
          hex_medium, serial_bayou_lake_a
D:4:      layout_basic, nicolae_overflow_squiral, temple_statues,
          gup_sewer_entry_bowl, dk_vineyard_2, minivault_14,
          chequers_decorated_corner, uniq_pikel, uniq_eustachio
D:5:      layout_rooms, minmay_misc_feat_four_crosses
D:6:      layout_gridville, grunt_tough_drop, uniq_maggie, uniq_blork_the_orc,
          uniq_duvessa
D:7:      layout_rooms, led_sif_book, serial_shops, shop,
          uniq_crazy_yiuf_cottage
D:8:      layout_basic, mainiacjoe_overflow_large_starburst, lair_entry_dummy,
          serial_shops, nicolae_stop_n_shop_1, minmay_lindwurm_lava
Lair:1:   layout_misc_corridors, nzn_ghost_randoct
Lair:2:   layout_roguey
Lair:3:   layout_loops_ring, shoals_dummy_entry, guppyfry_snake_entry_island,
          minivault_19, grunt_megastairs_4

Skill      XL: |  1  2  3  4  5  6  7  8  9 10 11 |
---------------+----------------------------------+-----
Axes           | 4 5 6 10 12 13 15 16 | 16.1
Shields        | 4 5 7 |  7.0
Fighting       | 4 6 8 9 10 | 10.4
Throwing       | 1 2 |  2.0
Armour         | 4 5 7 8 9 |  9.3
Dodging        | 3 |  3.0

Action                   |  1- 3 |  4- 6 |  7- 9 | 10-12 || total
-------------------------+-------+-------+-------+-------++-------
Melee: Hand axe          |    98 |    89 |    77 |       ||   264
       Headbutt          |    15 |    11 |    28 |    41 ||    95
       War axe           |       |       |    86 |   133 ||   219
       Flail             |       |       |       |    34 ||    34
Throw: Boomerang         |     2 |     4 |    69 |    30 ||   105
Invok: Berserk           |     3 |     3 |    15 |     8 ||    29
  Use: Scroll            |     6 |     5 |    11 |     4 ||    26
       Potion            |       |       |     6 |     5 ||    11
Armor: Animal skin       |    14 |       |       |       ||    14
       Leather armour    |     6 |       |       |       ||     6
       Chain mail        |     4 |    38 |    27 |       ||    69
       Plate armour      |       |       |    53 |   114 ||   167
Dodge: Dodged            |    47 |    35 |    49 |    74 ||   205
Block: Buckler           |       |     7 |    25 |    82 ||   114

Table legend:
 A = Non-vault XP
 B = Vault XP
 C = Vault XP percentage of total XP
 D = Non-vault monster count
 E = Vault monster count
 F = Vault count percentage of total count
                 A         B        C        D         E       F
            +---------+---------+-------+---------+---------+-------
      Total |   14586 |    2669 |  15.5 |     183 |      24 |  11.6
            +---------+---------+-------+---------+---------+-------
        D:1 |      42 |       0 |   0.0 |      25 |       0 |   0.0
        D:2 |      38 |       9 |  19.1 |      18 |       6 |  25.0
        D:3 |     108 |       0 |   0.0 |      25 |       0 |   0.0
        D:4 |     253 |     866 |  77.4 |      30 |       5 |  14.3
        D:5 |     782 |       0 |   0.0 |      10 |       0 |   0.0
        D:6 |     321 |    1082 |  77.1 |       7 |      10 |  58.8
        D:7 |    1160 |       0 |   0.0 |      21 |       0 |   0.0
        D:8 |    1256 |       0 |   0.0 |       7 |       0 |   0.0
     Lair:1 |    3198 |       0 |   0.0 |      18 |       0 |   0.0
     Lair:2 |    5880 |       0 |   0.0 |      18 |       0 |   0.0
     Lair:3 |    1548 |     712 |  31.5 |       4 |       3 |  42.9
            +---------+---------+-------+---------+---------+-------
